Map: Proxima Station LE

Players

Musumeci

  • Race: Zerg Zerg
  • League: Diamond
  • Spawn Location: 1:00

dreign - Winner!

  • Race: Protoss Protoss
  • League: Diamond
  • Spawn Location: 7:00

VOD

Have the link to the VOD?

Description

Time

  • Played on: March 26, 2017, 10:28 a.m.
  • Length: 10:34
Show
View Real Time Build Order
Export as new Build Order

Musumeci Zerg 

Build Orders: Hatch First 

Get SALT Encoding   

  12  0:04  Drone  
  13  0:13  Overlord  
  13  0:23  Drone  
  14  0:29  Drone, Extractor  
  14  0:31  Drone  
  16  0:36  Drone  
  17  0:55  Hatchery  
  16  1:00  Drone  
  17  1:08  Drone  
  18  1:14  Extractor  
  18  1:17  Spawning Pool  
  16  1:24  Drone  
  17  1:30  Drone  
  18  1:40  Drone  
  19  1:51  Overlord  
  19  2:03  Queen, Drone  
  19  2:07  Queen  
  24  2:08  Zergling x2  
  24  2:12  Drone  
  26  2:17  Metabolic Boost  
  26  2:24  Drone x2  
  26  2:28  Drone  
  29  2:34  Drone  
  30  2:39  Drone  
  31  2:46  Overlord  
  31  2:50  Drone  
  33  2:58  Drone  
  33  3:00  Drone  
  33  3:05  Hatchery  
  33  3:06  Drone  
  33  3:11  Drone x3  
  36  3:19  Evolution Chamber  
  35  3:26  Zergling x8  
  39  3:37  Drone x2  
  39  3:40  Queen  
  43  3:55  Overlord x2  
  43  3:59  Extractor, Roach Warren  
  40  4:09  Drone x2  
  42  4:10  Drone  
  42  4:11  Overlord x2  
  43  4:19  Drone x4  
  47  4:31  Drone x8  
  48  4:33  Overlord  
  48  4:36  Lair  
  48  4:38  Overlord  
  55  4:41  Overlord  
  55  4:50  Drone  
  55  4:51  Drone x2  
  58  4:59  Roach  
  61  5:00  Roach x3  
  61  5:07  Roach x2  
  45  5:45  Zergling x4  
  45  5:46  Drone, Zergling x6  
  45  5:47  Drone x3  
  53  6:16  Ravager  
  54  6:24  Queen  
  56  6:25  Zerg Missile Weapons Level 1  
  56  6:28  Glial Reconstitution  
  56  6:31  Extractor  
  55  6:34  Extractor  
  49  7:09  Roach x4  
  49  7:10  Roach x5  
  49  7:12  Extractor  
  49  7:13  Extractor  
  49  7:15  Drone x2  
  67  7:20  Queen  
  69  7:40  Roach x9  
  85  7:55  Roach x2  
  85  7:56  Roach x4  
  76  8:07  Roach x2  
  67  8:23  Roach  
  67  8:24  Roach  
  53  8:41  Roach x3  
  53  8:47  Ravager x4  
  57  8:52  Roach x2  
  59  8:58  Roach  
  61  9:03  Ravager x2  
  63  9:14  Roach x4  
  71  9:30  Ravager x4  
  75  9:33  Roach x2  
  75  9:34  Roach  
  81  9:42  Roach  
  81  9:43  Roach  
  85  9:50  Ravager x3  
Show
View Real Time Build Order
Export as new Build Order

dreign Protoss - Winner!

Build Orders: 1 Gate Expand 

Get SALT Encoding   

  12  0:01  Probe (Chrono Boost)  
  13  0:11  Probe (Chrono Boost)  
  14  0:17  Pylon  
  14  0:22  Probe (Chrono Boost)  
  16  0:35  Probe (Chrono Boost)  
  16  0:38  Gateway  
  16  0:46  Probe (Chrono Boost)  
  17  0:56  Probe (Chrono Boost)  
  18  0:58  Assimilator  
  18  1:07  Probe (Chrono Boost)  
  19  1:20  Nexus  
  19  1:24  Probe (Chrono Boost)  
  20  1:37  Cybernetics Core  
  20  1:38  Probe (Chrono Boost)  
  21  1:42  Assimilator  
  21  1:49  Pylon  
  21  1:52  Probe (Chrono Boost)  
  22  2:02  Probe (Chrono Boost)  
  22  2:06  Warp Gate  
  23  2:10  Adept  
  23  2:14  Probe (Chrono Boost)  
  26  2:26  Probe (Chrono Boost)  
  26  2:28  Twilight Council  
  27  2:33  Adept  
  30  2:38  Probe (Chrono Boost)  
  30  2:42  Probe (Chrono Boost)  
  31  2:50  Probe (Chrono Boost)  
  32  2:52  Probe (Chrono Boost)  
  32  2:56  Resonating Glaives  
  33  2:59  Adept  
  33  3:03  Probe (Chrono Boost)  
  33  3:05  Probe (Chrono Boost)  
  37  3:15  Probe (Chrono Boost)  
  37  3:17  Probe (Chrono Boost)  
  39  3:20  Gateway  
  39  3:24  Gateway  
  39  3:26  Adept  
  42  3:27  Probe (Chrono Boost)  
  42  3:29  Probe (Chrono Boost)  
  43  3:39  Probe (Chrono Boost)  
  43  3:41  Probe (Chrono Boost)  
  45  3:51  Nexus  
  45  3:53  Pylon  
  45  3:55  Pylon  
  45  4:11  Pylon  
  45  4:14  Mothership Core (Chrono Boost)  
  47  4:19  Adept x3  
  53  4:26  Robotics Facility  
  53  4:28  Gateway  
  53  4:32  Pylon  
  53  4:35  Probe x2 (Chrono Boost)  
  53  4:38  Assimilator  
  55  4:40  Assimilator  
  55  4:44  Adept x2  
  59  4:50  Probe x2 (Chrono Boost)  
  61  5:10  Adept x3  
  53  5:42  Adept x3  
  53  5:48  Immortal  
  53  5:49  Probe (Chrono Boost)  
  59  5:50  Probe (Chrono Boost)  
  59  5:53  Probe (Chrono Boost)  
  62  6:01  Pylon, Probe (Chrono Boost)  
  62  6:02  Probe (Chrono Boost)  
  65  6:04  Probe (Chrono Boost)  
  65  6:09  Sentry x4  
  73  6:13  Probe (Chrono Boost)  
  73  6:14  Probe (Chrono Boost)  
  73  6:16  Probe (Chrono Boost)  
  76  6:22  Warp Prism  
  78  6:25  Probe (Chrono Boost)  
  78  6:26  Probe (Chrono Boost)  
  78  6:28  Probe (Chrono Boost)  
  78  6:30  Gateway  
  81  6:35  Sentry x2  
  81  6:36  Adept  
  81  6:37  Probe (Chrono Boost)  
  81  6:38  Adept, Probe (Chrono Boost)  
  92  6:40  Probe (Chrono Boost)  
  91  6:56  Adept  
  94  7:09  Probe x3 (Chrono Boost)  
  94  7:11  Adept  
  94  7:12  Adept  
  94  7:14  Adept  
  100  7:21  Probe (Chrono Boost)  
  100  7:22  Gateway  
  101  7:25  Pylon  
  101  7:27  Pylon x2  
  104  7:45  Probe x3 (Chrono Boost)  
  104  7:48  Stalker x2  
  104  7:49  Stalker x3  
  110  7:57  Probe x3 (Chrono Boost)  
  107  8:09  Probe (Chrono Boost)  
  108  8:13  Stalker x2  
  108  8:14  Stalker x3  
  102  8:27  Immortal  
  98  8:37  Adept x5, Gateway, Probe x2 (Chrono Boost)  
  98  8:38  Probe (Chrono Boost)  
  98  8:39  Gateway  
  109  8:46  Sentry  
  112  8:49  Probe (Chrono Boost)  
  112  9:01  Immortal  
  112  9:05  Assimilator, Probe x2 (Chrono Boost)  
  112  9:07  Forge  
  112  9:09  Assimilator  
  118  9:18  Templar Archives  
  114  9:35  Stalker x5  
  124  9:41  Pylon  
  124  9:45  Pylon x2  
  124  9:55  Probe (Chrono Boost)  
  127  10:01  Probe x2 (Chrono Boost)  
  132  10:07  Stalker x2, Probe (Chrono Boost)  
  132  10:08  Robotics Facility, Nexus  
  132  10:10  Pylon x2  
  132  10:12  Pylon  
  134  10:15  Zealot x3  
  128  10:26  Stalker x3  
Tags
 
Add a new tag
Caveats
  • Supply blocks, unpowered buildings, or Contaminate may cause inaccurate times.
  • Supply counts are checked every 10 seconds.